 Dungeon Crawl Stone Soup version 0.30-a0-172-gc5509c9e31 (webtiles) character file.

Game seed: 4523926332083274932

67 LnG the Caller (level 4, 0/25 HPs)
             Began as a Kobold Summoner on Oct 1, 2022.
             Killed from afar by Ijyb (7 damage)
             ... with a puff of flame
             ... on level 3 of the Dungeon.
             The game lasted 00:06:11 (2854 turns).

LnG the Caller (Kobold Summoner)                    Turns: 2854, Time: 00:06:12

Health: 0/25       AC:  2    Str:  5    XL:     4   Next: 40%
Magic:  1/7        EV: 15    Int: 18    God:
Gold:   117        SH:  0    Dex: 15    Spells: 2/8 levels left

rFire   . . .      SeeInvis .    g - +1 short sword (venom)
rCold   . . .      Faith    .    (no shield)
rNeg    . . .      Spirit   .    a - +0 robe
rPois   .          Reflect  .    (no helmet)
rElec   .          Harm     .    (no cloak)
rCorr   .          Rampage  .    (no gloves)
Will    .....                    (no boots)
Stlth   +++.......               (no amulet)
HPRegen 0.24/turn                (no ring)
MPRegen 0.10/turn                (no ring)

@: lethally poisoned (0 -> -6)
A: small, no large weapons, nightstalker 3
a: no special abilities


You were on level 3 of the Dungeon.
You visited 1 branch of the dungeon, and saw 3 of its levels.

You collected 117 gold pieces.

Inventory:

Hand Weapons
 e - a +1 dagger
 g - a +1 short sword of venom (weapon)
Armour
 a - a +0 robe (worn)
Scrolls
 c - a scroll of immolation {unknown}
 d - a scroll of enchant armour {unknown}
 f - a scroll of magic mapping {unknown}
 i - a scroll of poison
 j - a scroll of blinking {unknown}
 k - a scroll of teleportation {unknown}
Potions
 b - a potion of magic
 h - a potion of attraction {unknown}


   Skills:
 + Level 1.1 Fighting
 + Level 1.8 Short Blades
 + Level 2.7 Dodging
 + Level 3.6 Stealth
 + Level 2.5 Spellcasting
 + Level 4.5 Summonings


You had 2 spell levels left.
You knew the following spells:

 Your Spells              Type           Power      Damage    Failure   Level
a - Summon Small Mammal   Summ           72%        N/A       2%          1
b - Call Imp              Summ           18%        N/A       4%          2
c - Call Canine Familiar  Summ           18%        N/A       9%          3

Your spell library contained the following spells:

 Spells                   Type           Power      Damage    Failure   Level
 Sandblast                Erth           4%         2d4       17%         1
 Passwall                 Tmut/Erth      1%         N/A       26%         2
 Summon Guardian Golem    Hex/Summ       10%        N/A       21%         3
 Ignite Poison            Fire/Tmut/Pois 2%         N/A       45%         3
 Stone Arrow              Conj/Erth      4%         3d7       45%         3
 Summon Lightning Spire   Summ/Air       10%        N/A       56%         4
 Sticky Flame             Conj/Fire      2%         2d3       86%         4
 Ignition                 Fire           1%         3d3       100%        8


Dungeon Overview and Level Annotations

Branches:
Dungeon (3/15)

Altars:

Shops:
D:1 =

Annotations:
D:3 Ijyb, Jessica


Innate Abilities, Weirdness & Mutations

You are small and have problems with some larger weapons.
You are completely attuned to the shadows.


Message History

You hit Ijyb.
Ijyb is heavily wounded.
You feel very sick.
Your bat hits Ijyb but does no damage. Ijyb misses you.
Your quokka barely misses Ijyb.
You barely miss Ijyb.
Ijyb is heavily wounded.
You feel sick.
Your bat closely misses Ijyb.
Your quokka closely misses Ijyb.
Ijyb zaps a wand.
The puff of flame misses you.
You hit Ijyb.
Ijyb is poisoned.
Ijyb is heavily wounded.
You feel sick.
Your bat hits Ijyb but does no damage.
Your quokka bites Ijyb.
The giant cockroach barely misses you.
Ijyb hits you with a +1 dagger of venom.
You are more poisoned.
Unknown command.
Casting: Summon Small Mammal (safe; 2% risk of failure)
Confirm with . or Enter, or press ? or * to list all spells.
Okay, then.
You closely miss Ijyb.
Ijyb is severely wounded.
You feel sick.
Your bat hits Ijyb but does no damage.
Your bat closely misses Ijyb.
Your quokka bites Ijyb but does no damage.
The giant cockroach completely misses you.
Your bat closely misses the giant cockroach.
Your crimson imp blinks!
Ijyb drinks a potion.
Ijyb is healed!
You catch the helpless Ijyb completely off-guard!
You hit Ijyb.
Ijyb is lightly wounded.
You feel sick.
Your quokka bites Ijyb.
The giant cockroach barely misses you.
Your bat closely misses Ijyb.
Ijyb completely misses you.
Unknown command.
You hit Ijyb but do no damage.
Ijyb is moderately wounded.
* * * LOW HITPOINT WARNING * * *
You feel sick.
Your bat closely misses Ijyb.
Your quokka barely misses Ijyb.
The giant cockroach misses you.
Ijyb zaps a wand.
The puff of flame hits you!
You die...

#.#..>.....####.†........
...........# ##.........
#.#.[[..[..#####.........
#.......>.....###........
##.........##..##........
##........###.......
#..####### #....5.§ ##.#
##.B.... #.# #.@..$. #..
#..grb. ........
###...... #......


You could see Ijyb (very poisoned, ally target), a giant cockroach, a friendly
crimson imp (summoned), a friendly quokka (summoned) and a friendly bat
(summoned).

Vanquished Creatures
  A worm (D:3)
  A dart slug (D:2)
  8 endoplasms
  2 giant cockroaches
  2 goblins
  2 hobgoblins (D:1)
  8 kobolds
  6 ball pythons
  A frilled lizard (D:1)
  5 rats
36 creatures vanquished.

Vanquished Creatures (collateral kills)
  An adder (D:3)
  A worm (D:3)
  A dart slug (D:3)
  2 endoplasms (D:1)
  A goblin (D:1)
  3 ball pythons (D:1)
  2 frilled lizards (D:1)
  2 kobolds
13 creatures vanquished.

Vanquished Creatures (others)
  A plant (D:2)
1 creature vanquished.

Grand Total: 50 creatures vanquished

Notes
Turn   | Place    | Note
-------+----------+-------------------------------------------
     0 | D:1      | LnG the Kobold Summoner began the quest for the Orb.
     0 | D:1      | Reached XP level 1. HP: 10/10 MP: 3/3
   479 | D:1      | Reached XP level 2. HP: 15/15 MP: 1/5
   510 | D:1      | Learned a level 2 spell: Call Imp
   834 | D:1      | Found Ysutataa's Jewellery Shop.
   840 | D:1      | You fall into a shaft and drop 1 floor!
  1305 | D:1      | Reached XP level 3. HP: 20/20 MP: 6/6
  2220 | D:2      | Reached skill level 1 in Fighting
  2339 | D:2      | Found a faded altar of an unknown god.
  2585 | D:3      | Learned a level 3 spell: Call Canine Familiar
  2591 | D:3      | Reached skill level 1 in Short Blades
  2594 | D:3      | Reached XP level 4. HP: 19/25 MP: 3/7
  2751 | D:3      | Noticed Jessica
  2818 | D:3      | Noticed Ijyb
  2854 | D:3      | Killed from afar by Ijyb

Illustrated notes

Levels and vault maps discovered:
D:1:      sevenhm_arrival_forest_fort_small_5, layout_basic, serial_shops, shop,
          serial_co_window_serial, co_window_paths_b, co_window_paths_a,
          co_window_paths_b, co_window_paths_b, co_window_paths_a,
          co_window_corner_a, co_window_corner_b, co_window_2corner,
          co_window_cross_3, co_window_unsneaky_path_b,
          co_window_of_opportunity_c, co_window_cross_3, co_window_paths_c,
          glass_columns_a, glass_columns_b, glass_columns_a
D:2:      layout_rooms, dilly_ecumenical_altar_fadedgnrine
D:3:      minmay_general_purpose_star, layout_rooms,
          mainiacjoe_overflow_divided_tiny, uniq_jessica, uniq_ijyb

Skill      XL: |  1  2  3 |
---------------+----------+-----
Stealth        | 3 |  3.6
Fighting       | 1 |  1.1
Short Blades   | 1 |  1.8
Dodging        | |  2.7
Spellcasting   | |  2.5
Summonings     | |  4.5

Action                   |  1- 3 |  4- 6 || total
-------------------------+-------+-------++-------
Melee: Unarmed           |    27 |       ||    27
       Dagger            |    31 |       ||    31
       Short sword       |    41 |    36 ||    77
       Punch             |     1 |       ||     1
 Cast: Summon Small Mamm |    17 |     2 ||    19
       Call Imp          |     4 |     3 ||     7
       Call Canine Famil |     1 |     2 ||     3
  Use: Scroll            |     2 |       ||     2
 Stab: Sleeping          |    13 |       ||    13
       Distracted        |     1 |     1 ||     2
Armor: Robe              |    18 |     2 ||    20
Dodge: Dodged            |    58 |    21 ||    79

Table legend: (Time is in decaauts)
 A = Elapsed time spent in this place.
 B = Non-inter-level travel time spent in this place.
 C = Inter-level travel time spent in this place.
 D = Time resting spent in this place.
 E = Time spent auto-exploring this place.
 F = Levels seen in this place.
 G = Mean time per level.
                   A        B        C        D        E       F      G
               +--------+--------+--------+--------+--------+-----+--------+
         Total |   2851 |   2702 |    149 |    164 |   2080 |   3 |  950.3 |
       Dungeon |   2851 |   2702 |    149 |    164 |   2080 |   3 |  950.3 |
               +--------+--------+--------+--------+--------+-----+--------+

Top non-repeatable levels by time:
     D:1: 1626 daAuts
     D:2: 802 daAuts
     D:3: 422 daAuts
